 Dungeon Crawl Stone Soup version 0.31-a0-1008-g5b978dac0e (webtiles) character file.

Game seed: 13611508381993649595

91 night the Skirmisher (level 4, 0/38 HPs)
             Began as a Gnoll Hunter on Nov 12, 2023.
             Killed by divine providence
             ... invoked by an orc priest
              (14 damage)
             ... on level 3 of the Dungeon.
             The game lasted 00:03:00 (1351 turns).

night the Skirmisher (Gnoll Hunter)                 Turns: 1351, Time: 00:03:00

Health: 0/38       AC:  6    Str: 10    XL:     4   Next: 59%
Magic:  5/5        EV: 29    Int:  8    God:
Gold:   119        SH:  0    Dex: 30    Spells: 5/5 levels left

rFire   . . .        a - +0 shortbow
rCold   . . .        (shield currently unavailable)
rNeg    . . .        g - +0 ring mail
rPois   .            (no helmet)
rElec   .            (no cloak)
rCorr   .            (no gloves)
SInv    .            j - +0 pair of boots
Will    .....        q - amulet of the acrobat
Stlth   ++           e - +6 ring of dexterity
HPRegen 0.26/turn    o - +6 ring of dexterity
MPRegen 0.09/turn

%: acrobat
@: acrobatic
A: fangs 1, strong nose, distributed training
a: no special abilities


You were on level 3 of the Dungeon.
You visited 1 branch of the dungeon, and saw 3 of its levels.

You collected 119 gold pieces.

Inventory:

Hand Weapons
 a - a +0 shortbow (weapon)
Missiles
 i - 21 stones
Armour
 c - a +0 leather armour
 g - a +0 ring mail (worn)
 j - a +0 pair of boots (worn)
Jewellery
 e - a +6 ring of dexterity (left hand)
 n - a +4 ring of protection
 o - a +6 ring of dexterity (right hand)
 q - an amulet of the acrobat (around neck)
 r - a ring of see invisible
Scrolls
 b - a scroll of butterflies
 k - a scroll of fog
 l - 2 scrolls of blinking
 m - 2 scrolls of teleportation
 p - a scroll of silence
Potions
 d - a potion of curing
 f - a potion of brilliance {unknown}
 h - a potion of berserk rage {unknown}


   Skills:
 + Level 4.7 Fighting
 + Level 1.2 Short Blades
 + Level 1.2 Long Blades
 + Level 1.2 Axes
 + Level 1.2 Maces & Flails
 + Level 1.2 Polearms
 + Level 1.2 Staves
 + Level 8.6 Ranged Weapons
 + Level 1.2 Throwing
 + Level 1.2 Armour
 + Level 4.7 Dodging
 + Level 2.6 Stealth
 + Level 1.2 Shields
 + Level 1.2 Unarmed Combat
 + Level 1.2 Spellcasting
 + Level 1.0 Conjurations
 + Level 1.0 Hexes
 + Level 1.0 Summonings
 + Level 1.0 Necromancy
 + Level 1.0 Translocations
 + Level 1.0 Transmutations
 + Level 1.0 Fire Magic
 + Level 1.0 Ice Magic
 + Level 1.0 Air Magic
 + Level 1.0 Earth Magic
 + Level 1.0 Poison Magic
 + Level 1.3 Invocations
 + Level 1.2 Evocations
 + Level 1.1 Shapeshifting


You had 5 spell levels left.
You didn't know any spells.
Your spell library was empty.

Dungeon Overview and Level Annotations

Branches:
Dungeon (3/15)

Altars:


Innate Abilities, Weirdness & Mutations

You have very sharp teeth.
Your uncanny sense of smell can sniff out nearby items.
Your experience applies equally to all skills.


Message History

An endoplasm comes into view.
Found a smoky inky potion and a scroll of identify.
You shoot an arrow. The arrow hits the endoplasm!
You kill the endoplasm!
No target in view!
A kobold comes into view.
It is wielding a +0 dagger and quivering poisoned darts.
Found a smoky white potion.
The kobold moves out of view.
No target in view!
h - a scroll of identify
As you read the scroll of identify, it crumbles to dust.
d - a potion of curing
h - a smoky white potion An orc comes into view.
It is wielding a +0 flail.
You see here an adder corpse.
You shoot an arrow. The arrow hits the orc.
The orc shouts!
The orc is heavily wounded.
You hear a shout!
An orc priest comes into view. It is wielding a +0 short sword.
You shoot an arrow. The arrow hits the orc!
You kill the orc!
You shoot an arrow.
The arrow hits the orc priest but does no damage.
You shoot an arrow.
The arrow closely misses the orc priest.
The orc priest invokes the aid of Beogh against you.
Beogh smites you!
An orc comes into view. It is wielding a +0 short sword.
You shoot an arrow.
The arrow completely misses the orc priest.
You shoot an arrow.
The arrow hits the orc priest but does no damage.
An orc wizard comes into view. It is wielding a +0 dagger.
The orc priest mumbles some strange prayers to Beogh against you.
Pain shoots through your body!
You are too injured to fight recklessly!
You are too injured to fight recklessly!
The orc priest calls down the wrath of Beogh upon you.
Beogh smites you!
You die...

.. #.## #..# #.## #..###
##...# #######
#######.#####....o..
....................
#############....†@..oo)..
..........................
........######.....#######
.######.# #.##### #..#.#.#
#.. #..#.#.# ###. #....#.#
#. #..#<#.# ## ##.###.##


You could see an orc priest, an orc wizard (wandering) and an orc.

Vanquished Creatures
  Jessica (D:2)
  An adder (D:3)
  A worm (D:2)
  An orc (D:3)
  4 ball pythons
  An endoplasm (D:3)
  2 giant cockroaches (D:1)
  2 goblins (D:1)
  10 hobgoblins
  3 jackals (D:1)
  6 kobolds
  A quokka (D:2)
  7 bats
  3 frilled lizards
  6 rats
49 creatures vanquished.

Notes
Turn   | Place    | Note
-------+----------+-------------------------------------------
     0 | D:1      | night the Gnoll Hunter began the quest for the Orb.
     0 | D:1      | Reached XP level 1. HP: 20/20 MP: 1/1
    98 | D:1      | Reached XP level 2. HP: 26/26 MP: 2/2
   340 | D:1      | Reached XP level 3. HP: 31/31 MP: 3/3
   756 | D:2      | Reached skill level 1 in Invocations
   765 | D:2      | Noticed Jessica
   768 | D:2      | Killed Jessica
   769 | D:2      | Reached skill level 1 in Short Blades
   769 | D:2      | Reached skill level 1 in Long Blades
   769 | D:2      | Reached skill level 1 in Axes
   769 | D:2      | Reached skill level 1 in Maces & Flails
   769 | D:2      | Reached skill level 1 in Polearms
   769 | D:2      | Reached skill level 1 in Staves
   769 | D:2      | Reached skill level 1 in Throwing
   769 | D:2      | Reached skill level 1 in Armour
   769 | D:2      | Reached skill level 1 in Shields
   769 | D:2      | Reached skill level 1 in Unarmed Combat
   769 | D:2      | Reached skill level 1 in Spellcasting
   769 | D:2      | Reached skill level 1 in Evocations
   769 | D:2      | Reached skill level 1 in Shapeshifting
   769 | D:2      | Reached XP level 4. HP: 38/38 MP: 5/5
   987 | D:2      | Identified the +0 robe "Raezam" {rPois Stlth- Archmagi}
  1321 | D:3      | Reached skill level 1 in Conjurations
  1321 | D:3      | Reached skill level 1 in Hexes
  1321 | D:3      | Reached skill level 1 in Summonings
  1321 | D:3      | Reached skill level 1 in Necromancy
  1321 | D:3      | Reached skill level 1 in Translocations
  1321 | D:3      | Reached skill level 1 in Transmutations
  1321 | D:3      | Reached skill level 1 in Fire Magic
  1321 | D:3      | Reached skill level 1 in Ice Magic
  1321 | D:3      | Reached skill level 1 in Air Magic
  1321 | D:3      | Reached skill level 1 in Earth Magic
  1321 | D:3      | Reached skill level 1 in Poison Magic
  1351 | D:3      | Killed from afar by an orc priest

Illustrated notes

Levels and vault maps discovered:
D:1:      minmay_arrival_radiant_lines, layout_loops_ring
D:2:      layout_loops_ring, uniq_jessica
D:3:      layout_basic, mainiacjoe_overflow_chevrons

Skill      XL: |  1  2  3  4 |
---------------+-------------+-----
Invocations    | 1 |  1.3
Short Blades   | 1 |  1.2
Long Blades    | 1 |  1.2
Axes           | 1 |  1.2
Maces & Flails | 1 |  1.2
Polearms       | 1 |  1.2
Staves         | 1 |  1.2
Throwing       | 1 |  1.2
Armour         | 1 |  1.2
Shields        | 1 |  1.2
Unarmed Combat | 1 |  1.2
Spellcasting   | 1 |  1.2
Evocations     | 1 |  1.2
Shapeshifting  | 1 |  1.1
Conjurations   | 1 |  1.0
Hexes          | 1 |  1.0
Summonings     | 1 |  1.0
Necromancy     | 1 |  1.0
Translocations | 1 |  1.0
Transmutations | 1 |  1.0
Fire Magic     | 1 |  1.0
Ice Magic      | 1 |  1.0
Air Magic      | 1 |  1.0
Earth Magic    | 1 |  1.0
Poison Magic   | 1 |  1.0
Fighting       | |  4.7
Ranged Weapons | |  8.6
Dodging        | |  4.7
Stealth        | |  2.6

Action                     |  1- 3 |  4- 6 || total
---------------------------+-------+-------++-------
   Fire: Shortbow          |    83 |    31 ||   114
    Use: Scroll            |       |     6 ||     6
 Armour: Leather armour    |     2 |       ||     2
         Ring mail         |     9 |     3 ||    12
  Dodge: Dodged            |    17 |     7 ||    24

Table legend: (Time is in decaauts)
 A = Elapsed time spent in this place.
 B = Non-inter-level travel time spent in this place.
 C = Inter-level travel time spent in this place.
 D = Time resting spent in this place.
 E = Time spent auto-exploring this place.
 F = Levels seen in this place.
 G = Mean time per level.
                   A        B        C        D        E       F      G
               +--------+--------+--------+--------+--------+-----+--------+
         Total |   1359 |   1301 |     58 |      0 |   1032 |   3 |  453.0 |
       Dungeon |   1359 |   1301 |     58 |      0 |   1032 |   3 |  453.0 |
               +--------+--------+--------+--------+--------+-----+--------+

Top non-repeatable levels by time:
     D:1: 690 daAuts
     D:2: 618 daAuts
     D:3: 50 daAuts
